 Dungeon Crawl Stone Soup version 0.25-a0-803-g58bd18402a (webtiles) character file.

Game seed: 1107978930790819468, levelgen mode: deterministic

7572 Grimalkyne the Fighter (level 10, 84/84 (86) HPs)
             Began as a Demonspawn Gladiator on Feb 20, 2020.
             Quit the game on level 10 of the Dungeon on Apr 19, 2020.
             The game lasted 00:41:46 (12709 turns).

Grimalkyne the Fighter (Demonspawn Gladiator)      Turns: 12709, Time: 00:41:47

HP:   84/84 (86)    AC: 12    Str: 16    XL:     10   Next: 97%
MP:   19/19         EV: 12    Int: 11    God:
Gold: 558           SH:  0    Dex: 15    Spells: 9/9 levels left

rFire    . . .     SeeInvis .   a - +0 long sword
rCold    . . .     Gourm    .   (no shield)
rNeg     . . .     Faith    .   u - +4 scale mail
rPois    .         Spirit   +   (helmet restricted)
rElec    .         Reflect  .   c - +0 cloak
rCorr    .         Harm     .   (no gloves)
MR       .....                  (no boots)
Stlth    ++........             (no amulet)
HPRegen  0.24/turn              D - ring of magical power
MPRegen  0.16/turn              i - +5 ring of slaying

@: no status effects
A: antennae 1, claws 1, talons 2, nightstalker 1, magic shield
a: no special abilities


You were on level 10 of the Dungeon.
You were hungry.

You visited 2 branches of the dungeon, and saw 11 of its levels.
You also visited: Ossuary.

You collected 558 gold pieces.

Inventory:

Hand Weapons
 a - a +0 long sword (weapon)
Missiles
 e - 394 stones
 k - 3 throwing nets
 p - 19 poisoned darts
 A - 65 arrows
 M - 4 boomerangs (quivered)
Armour
 c - a +0 cloak (worn)
 u - a +4 scale mail (worn)
Jewellery
 i - a +5 ring of slaying (right claw)
 D - a ring of magical power (left claw)
 H - a +4 ring of dexterity
 K - an uncursed ring of positive energy
Wands
 l - a wand of iceblast (18)
 t - a wand of paralysis (16)
 C - a wand of flame (19)
Scrolls
 d - 2 scrolls of teleportation
 g - a scroll of random uselessness
 j - a scroll of blinking {unknown}
 m - a scroll of immolation {unknown}
 n - a scroll of fog {unknown}
 v - 3 scrolls of amnesia {unknown}
 w - 3 scrolls of identify
 y - 6 scrolls of remove curse
 B - 3 scrolls of enchant armour {unknown}
 E - a scroll of noise {unknown}
 F - a scroll of silence {unknown}
 J - a scroll of enchant weapon {unknown}
Potions
 b - a potion of resistance {unknown}
 h - a potion of stabbing {unknown}
 o - a potion of berserk rage {unknown}
 q - 3 potions of curing
 r - 3 potions of flight {unknown}
 s - 2 potions of degeneration {unknown}
 x - 6 potions of brilliance {unknown}
 z - a potion of might {unknown}
 G - a potion of experience {unknown}
 I - a potion of mutation {unknown}
Comestibles
 f - 6 rations
 L - 4 chunks of flesh


   Skills:
 + Level 10.4 Fighting
 + Level 9.9 Long Blades
 - Level 1.7 Throwing
 - Level 5.0 Armour
 - Level 5.0 Dodging
 - Level 4.5 Stealth


You had 9 spell levels left.
You didn't know any spells.
Your spell library contained the following spells:

 Spells                   Type           Power        Failure   Level  Hunger
 Summon Small Mammal      Summ           #...         75%         1    ##.....
 Call Imp                 Summ           #.......     87%         2    ###....
 Call Canine Familiar     Summ           #.......     98%         3    ####...
 Summon Guardian Golem    Hex/Summ       #.......     98%         3    ####...
 Summon Ice Beast         Ice/Summ       #.......     100%        4    #####..
 Summon Lightning Spire   Summ/Air       #.......     100%        4    #####..


Dungeon Overview and Level Annotations

Branches:
Dungeon (10/15)            Temple (1/1) D:5            Lair (0/6) D:9
    Orc (0/2) D:9         Ossuary (visited)

Altars:
Ashenzari
Elyvilon
Fedhas
Gozag
Hepliaklqana
Kikubaaqudgha
Makhleb
Nemelex Xobeh
Okawaru
Qazlal
Ru
Sif Muna
Trog
Uskayaw
Vehumet
Wu Jian
Xom
Yredelemnul
Zin
The Shining One

Annotations:
D:1 Terence
D:2 1 runed translucent door, exclusion: door, Crazy Yiuf
D:6 1 exclusion
D:8 3 runed translucent doors, ICC's ghost, novice VSFi


Innate Abilities, Weirdness & Mutations

You have a pair of small antennae on your head.
You have sharp fingernails.
You have razor-sharp toenails.
You are slightly more attuned to the shadows.
When hurt, damage is shared between your health and your magic reserves.


Message History

a +0 hand axe; a +0 leather armour There isn't anything to butcher here.
Things that are here:
a +0 club; a +0 leather armour; an orc corpse You butcher the orc corpse.
L - 4 chunks of flesh (gained 3)
Things that are here:
a +0 club; a +0 leather armour; an orc skeleton Saving game... please wait.
Welcome back, Grimalkyne the Demonspawn Gladiator.
Press ? for a list of commands and other information.
Okay, then.
Unknown command.
Saving game... please wait.
Welcome back, Grimalkyne the Demonspawn Gladiator.
Press ? for a list of commands and other information.
Quiver which item? (- for none, * to show all) (? for menu, Esc to quit)
Okay, then.
Are you sure you want to abandon this character and quit the game? (Confirm with "yes".)

#.......>.
#.#...##.#
#.#.......
##.###.#....#.#
<...........#.#
#####)#.#..#.# #
#.#....#.# ..
#.#....#.#####...
#.#......@.......
#<#....#.#.......
###....#.#[###...
#..###.#.# #..#
#.#.# #.. #.#..
.. #.#.# #.# ###


There were no monsters in sight!

Vanquished Creatures
  A two-headed ogre (D:8)
  Pikel (D:6)
  2 wraiths (D:8)
  8 yaks
  A steam dragon (D:8)
  A hungry ghost (D:7)
  2 sky beasts
  4 orc warriors
  A black bear (D:9)
  An ice beast (D:8)
  2 phantoms
  10 ogres
  2 necrophages (D:8)
  3 centaurs
  2 elf zombies
  2 big kobolds
  Blork the orc (D:4)
  3 bullfrogs
  A wyvern zombie (D:9)
  A wyvern skeleton (D:6)
  4 scorpions
  11 wights
  A howler monkey (D:6)
  4 crimson imps
  A quasit (D:8)
  4 human zombies
  2 jellies (D:8)
  A gnoll shaman (D:8)
  2 orc priests (D:8)
  8 orc wizards
  Ijyb (D:4)
  5 worker ants
  An ogre zombie (D:8)
  2 big kobold zombies (Ossuary)
  A hound skeleton (D:4)
  2 mummies (Ossuary)
  Robin (D:4)
  8 gnolls
  9 adders
  2 shadow imps
  6 adder zombies
  2 adder skeletons
  3 worms
  2 dart slugs
  2 leopard geckos
  39 orcs
  8 giant cockroaches
  7 hobgoblins
  8 jackals
  3 quokkas
  4 bats
  5 frilled lizards
  13 goblins
  5 hobgoblin zombies (Ossuary)
  A jackal zombie (Ossuary)
  10 kobolds
  10 kobold zombies (Ossuary)
  10 orc zombies (Ossuary)
  A quokka skeleton (D:4)
  6 rats
  2 rat zombies (Ossuary)
266 creatures vanquished.

Vanquished Creatures (others)
  2 slaves (D:7)
  A bullfrog (D:7)
  An orc priest (D:7)
  An orc wizard (D:7)
  A leopard gecko (D:7)
  3 orcs (D:7)
  A fungus (D:9)
  A plant (D:3)
11 creatures vanquished.

Grand Total: 277 creatures vanquished

Notes
Turn   | Place    | Note
-------+----------+-------------------------------------------
     0 | D:1      | Grimalkyne the Demonspawn Gladiator began the quest for the
                  | Orb.
     0 | D:1      | Reached XP level 1. HP: 16/16 MP: 1/1
   328 | D:1      | Gained mutation: You have sharp toenails. [demonic
                  | ancestry]
   328 | D:1      | Reached XP level 2. HP: 22/22 MP: 2/2
   987 | D:2      | Found a runed translucent door.
   988 | D:2      | Noticed Crazy Yiuf
  1042 | D:2      | Noticed Terence
  1609 | D:2      | Noticed a big kobold
  1619 | D:2      | Reached XP level 3. HP: 24/27 MP: 3/3
  1635 | D:2      | Killed a big kobold
  1635 | D:2      | Reached skill level 3 in Fighting
  1635 | D:2      | Gained mutation: You are slightly more attuned to the
                  | shadows. [demonic ancestry]
  1635 | D:2      | Reached XP level 4. HP: 29/35 MP: 4/4
  2225 | D:3      | Reached XP level 5. HP: 30/41 MP: 5/5
  2586 | D:3      | Found a basalt altar of Yredelemnul.
  2955 | D:3      | Found a white marble altar of Elyvilon.
  3438 | D:3      | Reached skill level 4 in Fighting
  3438 | D:3      | Reached skill level 5 in Long Blades
  3551 | D:4      | Gained mutation: You have a pair of small antennae on your
                  | head. [demonic ancestry]
  3551 | D:4      | Reached XP level 6. HP: 46/49 MP: 6/6
  3585 | D:4      | Noticed Ijyb
  3590 | D:4      | Paralysed by Ijyb for 4 turns
  3597 | D:4      | Killed Ijyb
  3683 | D:4      | Found a sand-covered staircase.
  3688 | Ossuary  | Entered an ossuary
  3865 | Ossuary  | Reached skill level 5 in Fighting
  3897 | Ossuary  | Reached skill level 1 in Armour
  4167 | D:4      | Gained mutation: You have sharp fingernails. [demonic
                  | ancestry]
  4167 | D:4      | Reached XP level 7. HP: 47/56 MP: 7/7
  4252 | D:4      | Found an opulent altar of Gozag.
  4462 | D:4      | Noticed Blork the orc
  4476 | D:4      | Killed Blork the orc
  4544 | D:4      | Found a blossoming altar of Fedhas.
  4724 | D:4      | Found a glowing golden altar of the Shining One.
  4724 | D:4      | Noticed Robin
  4748 | D:4      | Killed Robin
  4798 | D:4      | Found a burning altar of Makhleb.
  4827 | D:5      | Entered Level 5 of the Dungeon
  4838 | D:5      | Reached skill level 6 in Fighting
  5221 | D:5      | Found a staircase to the Ecumenical Temple.
  5246 | Temple   | Entered the Ecumenical Temple
  5804 | D:5      | Reached skill level 1 in Stealth
  5804 | D:5      | Gained mutation: When hurt, damage is shared between your
                  | health and your magic reserves. [demonic ancestry]
  5804 | D:5      | Reached XP level 8. HP: 53/64 MP: 8/8
  6613 | D:6      | Found a shattered altar of Ashenzari.
  7337 | D:6      | Found a shimmering blue altar of Sif Muna.
  7432 | D:6      | Reached skill level 7 in Fighting
  7761 | D:7      | Noticed Pikel
  7796 | D:6      | Killed Pikel
  7796 | D:6      | Gained mutation: You have razor-sharp toenails. [demonic
                  | ancestry]
  7796 | D:6      | Reached XP level 9. HP: 47/72 MP: 7/9
  8198 | D:7      | You fall into a shaft and drop 1 floor!
  8216 | D:8      | Reached skill level 5 in Armour
  8372 | D:8      | Found a stormy altar of Qazlal.
  8753 | D:8      | Reached skill level 8 in Fighting
  9056 | D:8      | Found a runed translucent gate.
  9056 | D:8      | Found a runed translucent gate.
  9056 | D:8      | Found a runed translucent gate.
  9813 | D:8      | Found a shattered altar of Ashenzari.
 10114 | D:8      | Found a sparkling altar of Nemelex Xobeh.
 10149 | D:8      | Reached XP level 10. HP: 74/82 MP: 10/10
 10336 | D:8      | Noticed ICC's ghost (novice VSFi)
 10459 | D:8      | Found an ancient bone altar of Kikubaaqudgha.
 10592 | D:8      | Reached skill level 9 in Fighting
 10853 | D:9      | Found an iron altar of Okawaru.
 10967 | D:9      | Reached skill level 5 in Dodging
 11284 | D:9      | Found a staircase to the Orcish Mines.
 11853 | D:9      | Found a staircase to the Lair.
 11926 | D:9      | Noticed a two-headed ogre
 11960 | D:8      | Killed a two-headed ogre
 11960 | D:8      | Reached skill level 10 in Fighting
 12656 | D:10     | Entered Level 10 of the Dungeon
 12709 | D:10     | Upgraded the game from 0.25-a0-544-gee0576305d to
                  | 0.25-a0-589-g1e14c549ee
 12709 | D:10     | Upgraded the game from 0.25-a0-589-g1e14c549ee to
                  | 0.25-a0-803-g58bd18402a
 12709 | D:10     | Quit the game

Levels and vault maps discovered:
D:1:      minmay_arrival_shoal_huts, layout_basic
D:2:      layout_loops_ring, uniq_crazy_yiuf_cottage, uniq_terence
D:3:      layout_loops_ring, kennysheep_ying_yang,
          nicolae_overflow_hidden_temple, serial_bayou_lake_a
D:4:      layout_basic, kennysheep_mini_moat, lemuel_crystal_altar,
          gammafunk_temple_overflow_pools, first_ration, enter_ossuary_2,
          uniq_blork_the_orc, uniq_robin, uniq_ijyb
D:5:      layout_loops_ring, minmay_temple_entry_slanted
D:6:      layout_cave_pools, tgw_sif, cheibrodos_ashenzari_chains
D:7:      layout_gridville, grunt_dithmenos_shadows, the_bakery, uniq_harold,
          uniq_pikel, uniq_prince_ribbit1
D:8:      layout_loops_ring, old_standard_altar, overflow_temple_1_default,
          lemuel_mausoleum_altar_kikubaaqudgha, gammafunk_ghost_ooze,
          nicolae_qazlal_general_emergency
D:9:      layout_stronghold, lemuel_round_altar, grunt_lair_entry_orc_guard_hut,
          orc_0_dummy, serial_rivers, chequers_serial_rivers_micro_e,
          chequers_serial_rivers_room_a, chequers_serial_rivers_small_3,
          chequers_serial_rivers_marsh, chequers_serial_rivers_marsh,
          corner_web_ring, columned_hall_lemuel
D:10:     layout_basic, minmay_fractal_squares_5
Temple:   nicolae_temple_figure_zero

Skill      XL: |  1  2  3  4  5  6  7  8  9 10 |
---------------+-------------------------------+-----
Long Blades    | 3 4 5 6 7 8 9 |  9.9
Fighting       | 3 4 5 6 7 8 10 | 10.4
Armour         | 1 3 4 5 |  5.0
Stealth        | 1 3 4 |  4.5
Dodging        | 4 5 |  5.0
Throwing       | |  1.7

Action                   |  1- 3 |  4- 6 |  7- 9 | 10-12 || total
-------------------------+-------+-------+-------+-------++-------
Melee: Long sword        |    66 |   212 |   531 |   168 ||   977
       Kick              |    17 |    93 |   182 |    73 ||   365
Throw: Throwing net      |     4 |     1 |       |       ||     5
       Stone             |     5 |    37 |   129 |    29 ||   200
       Boomerang         |       |    22 |     8 |       ||    30
  Use: Scroll            |       |     3 |     2 |       ||     5
       Potion            |       |       |     2 |       ||     2
 Stab: Sleeping          |       |     2 |     2 |     8 ||    12
       Distracted        |       |       |     1 |       ||     1
  Eat: Chunk             |     2 |     8 |    18 |     4 ||    32
       Ration            |       |       |     2 |     1 ||     3
Armor: Leather armour    |     6 |       |       |       ||     6
       Ring mail         |    20 |    26 |       |       ||    46
       Scale mail        |       |    70 |   267 |    43 ||   380
Dodge: Dodged            |    38 |   122 |   245 |    75 ||   480
       Rpst.: Long sword |    14 |    43 |    77 |    27 ||   161

Table legend:
 A = Non-vault XP
 B = Vault XP
 C = Vault XP percentage of total XP
 D = Non-vault monster count
 E = Vault monster count
 F = Vault count percentage of total count
                 A         B        C        D         E       F
            +---------+---------+-------+---------+---------+-------
      Total |    8277 |    2541 |  23.5 |     200 |      66 |  24.8
            +---------+---------+-------+---------+---------+-------
        D:1 |      18 |       0 |   0.0 |      12 |       0 |   0.0
        D:2 |     139 |       0 |   0.0 |      17 |       0 |   0.0
        D:3 |     176 |       0 |   0.0 |      30 |       0 |   0.0
        D:4 |     374 |     157 |  29.6 |      16 |      13 |  44.8
        D:5 |     634 |       0 |   0.0 |      20 |       0 |   0.0
        D:6 |     696 |     641 |  47.9 |      17 |       1 |   5.6
        D:7 |     420 |       0 |   0.0 |       9 |       0 |   0.0
        D:8 |    3305 |    1065 |  24.4 |      56 |      12 |  17.6
        D:9 |    2333 |     409 |  14.9 |      18 |       4 |  18.2
       D:10 |     182 |       0 |   0.0 |       5 |       0 |   0.0
    Ossuary |       0 |     269 | 100.0 |       0 |      36 | 100.0
            +---------+---------+-------+---------+---------+-------
